 Dungeon Crawl Stone Soup version 0.27-a0-40-g5f2be0e231 (webtiles) character file.

Game seed: 14021855331477339510

8610 robertstho the Frost Mage (level 11, -12/81 HPs)
             Began as a Gnoll Ice Elementalist on Jan 5, 2021.
             Was a Priest of Sif Muna.
             Mangled by Gastronok (24 damage)
             ... on level 1 of the Orcish Mines.
             The game lasted 00:17:55 (9885 turns).

robertstho the Frost Mage (Gnoll Ice Elementalist)  Turns: 9885, Time: 00:17:56

Health: -12/81     AC: 11    Str: 11    XL:     11   Next: 33%
Magic:  2/23       EV: 20    Int: 21    God:    Sif Muna [***...]
Gold:   302        SH:  0    Dex: 15    Spells: 11/26 levels left

rFire    . . .     SeeInvis .   n - +1 glaive (venom)
rCold    . . .     Faith    .   (shield currently unavailable)
rNeg     . . .     Spirit   .   P - +0 acid dragon scales
rPois    .         Reflect  .   A - +0 helmet
rElec    .         Harm     .   (no cloak)
rCorr    +         Rampage  .   C - +1 pair of gloves
Will     .....                  (no boots)
Stlth    +++.......             (no amulet)
HPRegen  0.23/turn              w - +4 ring of slaying
MPRegen  0.18/turn              b - +4 ring of evasion

@: slowed, studying Maces & Flails, very slow
A: distributed training, fangs 1, strong nose
a: Renounce Religion, Channel Magic, Forget Spell


You were on level 1 of the Orcish Mines.
You worshipped Sif Muna.
Sif Muna was most pleased with you.
You visited 3 branches of the dungeon, and saw 12 of its levels.

You collected 518 gold pieces.
You spent 216 gold pieces at shops.

Inventory:

Hand Weapons
 n - a +1 glaive of venom (weapon)
 r - a +1 vorpal scythe
 t - a +0 dagger of venom
 u - a +0 shortbow
 v - a +1 whip of freezing
 O - a +0 glaive of flaming
Missiles
 c - 158 stones
 d - 37 sling bullets
 e - 17 boomerangs
 s - 7 curare-tipped darts
 x - 7 silver boomerangs
 B - 90 arrows
 D - 75 bolts
 S - 3 throwing nets
 W - 3 silver javelins
Armour
 p - a +2 robe of willpower
 A - a +0 helmet (worn)
 C - a +1 pair of gloves (worn)
 P - +0 acid dragon scales (worn)
Jewellery
 b - a +4 ring of evasion (right hand)
 i - an uncursed ring of positive energy
 w - a +4 ring of slaying (left hand)
 N - an uncursed ring of flight {unknown}
 R - an uncursed ring of magical power {unknown}
 T - an uncursed ring of stealth {unknown}
 U - an uncursed ring of willpower {unknown}
Wands
 y - a wand of digging (5)
 z - a wand of paralysis (6)
 E - a wand of iceblast (6)
 G - a wand of random effects (17)
 M - a wand of enslavement (5)
Scrolls
 a - a scroll of fear {unknown}
 f - 9 scrolls of remove curse
 g - 4 scrolls of blinking
 q - 6 scrolls of teleportation {unknown}
 F - 2 scrolls of enchant armour
 J - a scroll of identify
 K - 3 scrolls of immolation {unknown}
 L - a scroll of enchant weapon {unknown}
 Q - a scroll of brand weapon {unknown}
 V - a scroll of amnesia
Potions
 h - 5 potions of might
 j - 2 potions of berserk rage
 k - a potion of lignification
 l - 2 potions of invisibility
 H - a potion of cancellation
 I - a potion of haste
Books
 m - a manual of Maces & Flails


   Skills:
 + Level 6.2 Fighting
 + Level 6.2 Short Blades
 + Level 6.2 Long Blades
 + Level 6.2 Axes
 + Level 8.1 Maces & Flails
 + Level 6.2 Polearms
 + Level 6.2 Staves
 + Level 6.2 Slings
 + Level 6.2 Bows
 + Level 6.2 Crossbows
 + Level 6.2 Throwing
 + Level 6.2 Armour
 + Level 7.8 Dodging
 + Level 7.5 Stealth
 + Level 6.2 Shields
 + Level 6.2 Unarmed Combat
 + Level 8.0 Spellcasting
 + Level 5.1 Conjurations
 + Level 5.1 Hexes
 + Level 5.1 Summonings
 + Level 5.1 Necromancy
 + Level 5.1 Translocations
 + Level 5.1 Transmutations
 + Level 5.1 Fire Magic
 + Level 8.9 Ice Magic
 + Level 5.1 Air Magic
 + Level 5.1 Earth Magic
 + Level 5.1 Poison Magic
 + Level 6.8 Invocations
 + Level 6.2 Evocations


You had 11 spell levels left.
You knew the following spells:

 Your Spells              Type           Power        Failure   Level
a - Freeze                Ice            100%         1%          1
b - Frozen Ramparts       Ice            90%          1%          3
c - Ozocubu's Armour      Ice            45%          1%          3
d - Hailstorm             Conj/Ice       38%          6%          4
e - Summon Ice Beast      Ice/Summ       38%          6%          4

Your spell library contained the following spells:

 Spells                   Type           Power        Failure   Level


Dungeon Overview and Level Annotations

Branches:
Dungeon (11/15)            Temple (1/1) D:5             Orc (1/2) D:10
   Lair: D:8-11

Altars:
Ashenzari
Dithmenos
Fedhas
Hepliaklqana
Makhleb
Nemelex Xobeh
Qazlal
Sif Muna
Uskayaw
Vehumet
Wu Jian
Xom
Yredelemnul
Zin

Shops:
D:7 *

Portals:
Ice
Cave: D:11

Annotations:
D:10 2 transporters, Tallon's ghost, novice DsFi
Orc:1 Gastronok


Innate Abilities, Weirdness & Mutations

Your experience applies equally to all skills.
You have very sharp teeth.
Your uncanny sense of smell can sniff out nearby items.


Message History

Your ice beast hits Gastronok but does no damage.
Found 12 gold pieces.
Unknown command.
You feel better.
Your ice beast hits Gastronok.
Your ice beast freezes Gastronok.
Your ice beast hits Gastronok but does no damage. x2
Gastronok bites you!
* * * LOW HITPOINT WARNING * * *
Your ice beast hits Gastronok.
Your ice beast freezes Gastronok!
Your ice beast hits Gastronok but does no damage.
An orc comes into view. It is wielding a +0 mace.
You feel better.
The orc shouts!
You hear a shout! x2
Your ice beast hits Gastronok.
Your ice beast freezes Gastronok!
Your ice beast hits Gastronok.
Your ice beast freezes Gastronok!
Your ice beast hits Gastronok.
Your ice beast freezes Gastronok!
The orc misses you.
An ogre comes into view. It is wielding a +0 giant spiked club.
Gastronok bites you!!
You die...

.#oo.O.#.$.....
................
#................
#.................
#.#.................
.
.....$....>........
o...........oo.....#
..#.........@...##
#..........Yw...#
##.........YY...#
#............#.##
#....<........##
##......)......#
##....)...#..##
#.#......#####
....#...###


You could see Gastronok, an orc warrior (wandering), an ogre, 3 orcs and 3
friendly ice beasts.

Vanquished Creatures
  A boulder beetle (D:11)
  A two-headed ogre (D:10)
  Pikel (D:7)
  Maggie (D:7)
  A hornet (D:10)
  Prince Ribbit (D:7)
  A wraith (D:10)
  Sigmund (D:3)
  7 yaks
  2 ice beasts (D:10)
  6 orc warriors
  A sky beast (D:10)
  A swamp drake (D:10)
  A necrophage (D:10)
  A wolf (D:11)
  6 ogres
  3 centaurs
  2 lemures (D:7)
  2 phantoms
  A big kobold (D:10)
  5 bullfrogs
  A wyvern zombie (D:10)
  3 scorpions
  8 wights
  A howler monkey (D:3)
  A bullfrog zombie (D:10)
  5 hounds
  A quasit (D:7)
  A centaur zombie (D:5)
  3 orc priests
  A jelly (D:6)
  A centaur skeleton (D:7)
  An iguana (D:5)
  6 worker ants
  8 orc wizards
  A hound skeleton (D:7)
  A hound zombie (D:6)
  2 worker ant zombies
  4 gnolls (D:7)
  11 adders
  2 shadow imps
  3 ufetubi
  2 oozes
  An adder skeleton (D:4)
  An adder zombie (D:5)
  5 dart slugs
  5 leopard geckos
  50 orcs
  4 giant cockroaches
  2 goblins (D:1)
  10 hobgoblins
  12 jackals
  13 kobolds
  5 quokkas
  3 ball pythons
  8 bats
  12 frilled lizards
  A leopard gecko skeleton (D:4)
  11 rats
256 creatures vanquished.

Vanquished Creatures (collateral kills)
  Harold (D:7)
  2 polar bears (D:11)
  A black bear (D:10)
  2 wights (D:7)
  An orc priest (D:10)
  A worker ant zombie (D:7)
  An orc (D:10)
9 creatures vanquished.

Vanquished Creatures (others)
  A plant (D:1)
1 creature vanquished.

Grand Total: 266 creatures vanquished

Notes
Turn   | Place    | Note
-------+----------+-------------------------------------------
     0 | D:1      | robertstho the Gnoll Ice Elementalist began the quest for
                  | the Orb.
     0 | D:1      | Reached XP level 1. HP: 13/13 MP: 6/6
    49 | D:1      | Reached XP level 2. HP: 14/19 MP: 2/7
   225 | D:1      | Reached XP level 3. HP: 19/25 MP: 3/9
   229 | D:1      | Learned a level 3 spell: Frozen Ramparts
   233 | D:1      | Learned a level 3 spell: Ozocubu's Armour
   241 | D:1      | Reached skill level 5 in Spellcasting
   663 | D:1      | Reached skill level 1 in Invocations
  1174 | D:2      | Noticed an ogre
  1181 | D:2      | Killed an ogre
  1182 | D:2      | Reached skill level 1 in Fighting
  1182 | D:2      | Reached skill level 1 in Short Blades
  1182 | D:2      | Reached skill level 1 in Long Blades
  1182 | D:2      | Reached skill level 1 in Axes
  1182 | D:2      | Reached skill level 1 in Maces & Flails
  1182 | D:2      | Reached skill level 1 in Polearms
  1182 | D:2      | Reached skill level 1 in Staves
  1182 | D:2      | Reached skill level 1 in Slings
  1182 | D:2      | Reached skill level 1 in Bows
  1182 | D:2      | Reached skill level 1 in Crossbows
  1182 | D:2      | Reached skill level 1 in Throwing
  1182 | D:2      | Reached skill level 1 in Armour
  1182 | D:2      | Reached skill level 1 in Shields
  1182 | D:2      | Reached skill level 1 in Unarmed Combat
  1182 | D:2      | Reached skill level 1 in Conjurations
  1182 | D:2      | Reached skill level 1 in Hexes
  1182 | D:2      | Reached skill level 1 in Summonings
  1182 | D:2      | Reached skill level 1 in Necromancy
  1182 | D:2      | Reached skill level 1 in Translocations
  1182 | D:2      | Reached skill level 1 in Transmutations
  1182 | D:2      | Reached skill level 1 in Fire Magic
  1182 | D:2      | Reached skill level 1 in Air Magic
  1182 | D:2      | Reached skill level 1 in Earth Magic
  1182 | D:2      | Reached skill level 1 in Poison Magic
  1182 | D:2      | Reached skill level 1 in Evocations
  1182 | D:2      | Reached XP level 4. HP: 32/32 MP: 4/11
  1182 | D:2      | Reached XP level 5. HP: 37/37 MP: 4/12
  2037 | D:3      | Noticed Sigmund
  2048 | D:3      | Killed Sigmund
  2049 | D:3      | Reached skill level 5 in Dodging
  2049 | D:3      | Reached XP level 6. HP: 27/44 MP: 10/14
  3080 | D:4      | Reached XP level 7. HP: 45/50 MP: 15/15
  3628 | D:4      | Reached skill level 5 in Stealth
  4185 | D:4      | Reached XP level 8. HP: 57/57 MP: 12/16
  4506 | D:5      | Entered Level 5 of the Dungeon
  4758 | D:4      | Learned a level 4 spell: Hailstorm
  4763 | D:4      | Learned a level 4 spell: Summon Ice Beast
  4975 | D:5      | Found a staircase to the Ecumenical Temple.
  4981 | Temple   | Entered the Ecumenical Temple
  4995 | Temple   | Became a worshipper of Sif Muna the Loreminder
  5713 | D:5      | Noticed a +0 hand axe
  5713 | D:5      | Noticed a +0 hand axe
  5714 | D:5      | Found a hide-covered altar of Uskayaw.
  5725 | D:5      | Found a shadowy altar of Dithmenos.
  5807 | D:5      | Found an ornate altar of the Wu Jian Council.
  5816 | D:5      | Found a sparkling altar of Nemelex Xobeh.
  5816 | D:5      | Found a burning altar of Makhleb.
  5823 | D:5      | Found a glowing silver altar of Zin.
  6212 | D:6      | Found a hazy altar of Hepliaklqana.
  6226 | D:6      | Found a shimmering altar of Xom.
  6310 | D:6      | Reached * piety under Sif Muna
  6624 | D:7      | Noticed Pikel
  6630 | D:7      | Noticed Prince Ribbit
  6633 | D:7      | Killed Pikel
  6634 | D:7      | Reached XP level 9. HP: 54/65 MP: 3/18
  6637 | D:7      | Killed Prince Ribbit
  6728 | D:7      | Reached skill level 5 in Maces & Flails
  6842 | D:7      | Found Guvimac's General Store.
  6852 | D:7      | Bought a potion of cancellation for 96 gold pieces
  6852 | D:7      | Bought a potion of haste for 120 gold pieces
  7102 | D:7      | Reached skill level 5 in Invocations
  7400 | D:7      | Noticed Maggie
  7410 | D:7      | Killed Maggie
  7780 | D:7      | Noticed Harold
  7789 | D:7      | Killed Harold
  7790 | D:7      | Reached XP level 10. HP: 35/73 MP: 4/20
  8030 | D:8      | Reached skill level 5 in Fighting
  8030 | D:8      | Reached skill level 5 in Short Blades
  8030 | D:8      | Reached skill level 5 in Long Blades
  8030 | D:8      | Reached skill level 5 in Axes
  8030 | D:8      | Reached skill level 5 in Polearms
  8030 | D:8      | Reached skill level 5 in Staves
  8030 | D:8      | Reached skill level 5 in Slings
  8030 | D:8      | Reached skill level 5 in Bows
  8030 | D:8      | Reached skill level 5 in Crossbows
  8030 | D:8      | Reached skill level 5 in Throwing
  8030 | D:8      | Reached skill level 5 in Armour
  8030 | D:8      | Reached skill level 5 in Shields
  8030 | D:8      | Reached skill level 5 in Unarmed Combat
  8030 | D:8      | Reached skill level 5 in Evocations
  8149 | D:8      | You fall into a shaft and drop 2 floors!
  8149 | D:10     | Entered Level 10 of the Dungeon
  8316 | D:10     | Reached ** piety under Sif Muna
  8519 | D:10     | Noticed a two-headed ogre
  8523 | D:10     | Killed a two-headed ogre
  8998 | D:10     | Found a transporter.
  9002 | D:10     | Found a transporter.
  9108 | D:10     | Noticed Tallon's ghost (novice DsFi)
  9133 | D:10     | Reached XP level 11. HP: 53/81 MP: 18/22
  9355 | D:10     | Reached *** piety under Sif Muna
  9368 | D:10     | Found a staircase to the Orcish Mines.
  9577 | D:11     | Noticed a boulder beetle
  9591 | D:11     | Killed a boulder beetle
  9592 | D:11     | Reached skill level 5 in Conjurations
  9592 | D:11     | Reached skill level 5 in Hexes
  9592 | D:11     | Reached skill level 5 in Summonings
  9592 | D:11     | Reached skill level 5 in Necromancy
  9592 | D:11     | Reached skill level 5 in Translocations
  9592 | D:11     | Reached skill level 5 in Transmutations
  9592 | D:11     | Reached skill level 5 in Fire Magic
  9592 | D:11     | Reached skill level 5 in Air Magic
  9592 | D:11     | Reached skill level 5 in Earth Magic
  9592 | D:11     | Reached skill level 5 in Poison Magic
  9713 | D:11     | Found a frozen archway.
  9716 | D:11     | Noticed an ice dragon
  9868 | Orc:1    | Entered Level 1 of the Orcish Mines
  9876 | Orc:1    | Noticed Gastronok
  9884 | Orc:1    | HP: 3/81 [Gastronok (15)]
  9885 | Orc:1    | Mangled by Gastronok

Illustrated notes

Levels and vault maps discovered:
D:1:      tarquinn_simple_flora_water_d, layout_basic, st_stairs_9,
          minmay_misc_feat_ornament, hangedman_abyss_or_decor_lesser_grid,
          serial_bayou_ford_a
D:2:      minmay_spotlight, layout_basic, serial_aquarium,
          aquarium_bridge_straight [aquarium_subvault_bridge,
          aquarium_subvault_wall, aquarium_subvault_bridge,
          aquarium_subvault_balcony], aquarium_bridge_square
          [aquarium_subvault_bridge, aquarium_subvault_wall,
          aquarium_subvault_bridge, aquarium_subvault_window],
          aquarium_window_1, aquarium_window_2, aquarium_window_fake,
          aquarium_view_2d, aquarium_view_2e
D:3:      layout_basic, uniq_sigmund
D:4:      minmay_recursive_quarters, layout_basic
D:5:      layout_basic, minitemple, lemuel_crystal_altar,
          dancing_weapons_uskayaw, minmay_temple_entry_hall,
          portal_sewer_entry_d, minmay_misc_feat_plants,
          minmay_manual_monstrance
D:6:      layout_basic, nzn_hepliaklqana_mist_gate, xom_butterflies,
          minmay_diced_spiral
D:7:      layout_cave_pools, serial_shops, shop,
          minmay_fractal_squares_diagonal_5, uniq_prince_ribbit1, uniq_pikel,
          uniq_harold, uniq_maggie
D:8:      layout_loops_cross
D:10:     layout_roguey, erik_orc_1, gammafunk_ghost_hive
D:11:     layout_irregular_city, basic_altar,
          portal_ice_cave_entry_animals_and_master
Temple:   eino_temple_water
Orc:1:    layout_caves, rock_pile, uniq_gastronok

Skill      XL: |  1  2  3  4  5  6  7  8  9 10 11 |
---------------+----------------------------------+-----
Spellcasting   | 5 6 7 8 |  8.0
Invocations    | 1 2 3 4 5 6 |  6.8
Fighting       | 1 2 4 5 6 |  6.2
Short Blades   | 1 2 4 5 6 |  6.2
Long Blades    | 1 2 4 5 6 |  6.2
Axes           | 1 2 4 5 6 |  6.2
Maces & Flails | 1 2 4 6 7 8 |  8.1
Polearms       | 1 2 4 5 6 |  6.2
Staves         | 1 2 4 5 6 |  6.2
Slings         | 1 2 4 5 6 |  6.2
Bows           | 1 2 4 5 6 |  6.2
Crossbows      | 1 2 4 5 6 |  6.2
Throwing       | 1 2 4 5 6 |  6.2
Armour         | 1 2 4 5 6 |  6.2
Shields        | 1 2 4 5 6 |  6.2
Unarmed Combat | 1 2 4 5 6 |  6.2
Conjurations   | 1 2 3 4 5 |  5.1
Hexes          | 1 2 3 4 5 |  5.1
Summonings     | 1 2 3 4 5 |  5.1
Necromancy     | 1 2 3 4 5 |  5.1
Translocations | 1 2 3 4 5 |  5.1
Transmutations | 1 2 3 4 5 |  5.1
Fire Magic     | 1 2 3 4 5 |  5.1
Air Magic      | 1 2 3 4 5 |  5.1
Earth Magic    | 1 2 3 4 5 |  5.1
Poison Magic   | 1 2 3 4 5 |  5.1
Evocations     | 1 2 4 5 6 |  6.2
Dodging        | 5 6 7 |  7.8
Stealth        | 5 6 7 |  7.5
Ice Magic      | 8 |  8.9

Action                   |  1- 3 |  4- 6 |  7- 9 | 10-12 || total
-------------------------+-------+-------+-------+-------++-------
Melee: Mace              |    66 |    22 |       |       ||    88
       Bite              |     9 |     9 |    17 |    11 ||    46
       Dagger            |       |    52 |       |       ||    52
       Scythe            |       |     7 |       |       ||     7
       Glaive            |       |       |   205 |   131 ||   336
 Fire: Shortbow          |       |       |    46 |       ||    46
 Cast: Freeze            |    29 |     2 |       |       ||    31
       Frozen Ramparts   |     1 |     9 |    16 |     8 ||    34
       Hailstorm         |       |       |    10 |    21 ||    31
       Summon Ice Beast  |       |       |     7 |    22 ||    29
Invok: Channel Magic     |       |       |     1 |     3 ||     4
  Use: Scroll            |       |     4 |     8 |       ||    12
       Potion            |       |       |     1 |     3 ||     4
 Stab: Sleeping          |     3 |     9 |    11 |     9 ||    32
       Distracted        |     1 |       |     3 |     2 ||     6
Armor: Robe              |    27 |    15 |    30 |    13 ||    85
       Acid dragon scale |       |       |       |    16 ||    16
Dodge: Dodged            |    69 |    60 |   228 |   180 ||   537

Table legend: (Time is in decaauts)
 A = Elapsed time spent in this place.
 B = Non-inter-level travel time spent in this place.
 C = Inter-level travel time spent in this place.
 D = Time resting spent in this place.
 E = Time spent auto-exploring this place.
 F = Levels seen in this place.
 G = Mean time per level.
                   A        B        C        D        E       F      G
               +--------+--------+--------+--------+--------+-----+--------+
         Total |  10113 |   9712 |    401 |    880 |   6914 |  12 |  842.8 |
       Dungeon |  10065 |   9678 |    387 |    880 |   6912 |  10 | 1006.5 |
        Temple |     28 |     14 |     14 |      0 |      2 |   1 |   28.0 |
  Orcish Mines |     19 |     19 |      0 |      0 |      0 |   1 |   19.0 |
               +--------+--------+--------+--------+--------+-----+--------+

Top non-repeatable levels by time:
     D:4: 1762 daAuts
    D:10: 1571 daAuts
     D:5: 1210 daAuts
     D:1: 1137 daAuts
     D:7: 1104 daAuts
     D:6: 1015 daAuts
     D:3: 988 daAuts
     D:2: 943 daAuts
    D:11: 203 daAuts
     D:8: 128 daAuts
  Temple: 28 daAuts
   Orc:1: 19 daAuts
